 Dungeon Sprint DCSS version 0.31-a0-521-gc7390f8997 (webtiles) character file.

Game seed: 5484670583060085557

5066 rocky1 the Covert (level 10, -2/90 HPs)
             Began as a Gnoll Brigand on Aug 11, 2023.
             Was an Initiate of Gozag.
             Slain by a centaur warrior (6 damage)
             ... in the Dungeon (Sprint I: "Red Sonja").
             The game lasted 00:03:57 (1214 turns).

rocky1 the Covert (Gnoll Brigand)                   Turns: 1214, Time: 00:03:57

Health: -2/90      AC:  4    Str:  8 (9)  XL:     10   Next: 56%
Magic:  23/23      EV: 16    Int:  9      God:    Gozag
Gold:   887        SH:  0    Dex: 14 (15) Spells: 27/27 levels left

rFire   x . .        o - +2 short sword (venom)
rCold   x . .        (no shield)
rNeg    . . .        b - +0 robe
rPois   .            (no helmet)
rElec   .            c - +0 cloak
rCorr   .            (no gloves)
SInv    .            (no boots)
Will    .....        (no amulet) Stlth
                     (no ring)
HPRegen 0.35/turn    (no ring)
MPRegen 0.18/turn

%: no teleportation, random rage (3%)
@: berserking, gold aura, very quick
A: fangs 1, strong nose, distributed training, berserk 1, clumsy 1,
deterioration 1, dopey 1, frail 3, screaming 2, weak 1, no potion heal 1, cold
vulnerability 1, heat vulnerability 1, devolution 1
a: Renounce Religion, Potion Petition, Call Merchant, Bribe Branch


You were in the Dungeon.
You worshipped Gozag.
Gozag was pleased with you.
You visited 1 branch You collected 1576 gold pieces.
You spent 689 gold pieces at shops.

Inventory:

Hand Weapons
 a - a +2 dagger
 o - a +2 short sword of venom (weapon)
Missiles
 d - 9 poisoned darts
 l - 9 curare-tipped darts
 q - 3 atropa-tipped darts
Armour
 b - a +0 robe (worn)
 c - a +0 cloak (worn)
Wands
 e - a wand of mindburst (19) (quivered)
 n - a wand of paralysis (4)
Scrolls
 k - a scroll of blinking
 m - a scroll of poison
 p - a scroll of fog {unknown}
 r - a scroll of enchant weapon {unknown}
Potions
 f - 3 potions of curing
 g - a potion of heal wounds
 i - 2 potions of magic
 j - a potion of lignification {unknown}
Miscellaneous
 h - a lightning rod (4/4)


   Skills:
 + Level 10.4 Fighting
 + Level 10.4 Short Blades
 + Level 9.3 Long Blades
 + Level 9.3 Axes
 + Level 9.3 Maces & Flails
 + Level 9.3 Polearms
 + Level 9.3 Staves
 + Level 9.3 Ranged Weapons
 + Level 10.4 Throwing
 + Level 9.3 Armour
 + Level 9.7 Dodging
 + Level 12.0 Stealth
 + Level 9.3 Shields
 + Level 9.3 Unarmed Combat
 + Level 9.3 Spellcasting
 + Level 7.7 Conjurations
 + Level 7.7 Hexes
 + Level 7.7 Summonings
 + Level 7.7 Necromancy
 + Level 7.7 Translocations
 + Level 7.7 Transmutations
 + Level 7.7 Fire Magic
 + Level 7.7 Ice Magic
 + Level 7.7 Air Magic
 + Level 7.7 Earth Magic
 + Level 7.7 Poison Magic
 + Level 10.1 Invocations
 + Level 9.3 Evocations
 + Level 7.7 Shapeshifting


You had 27 spell levels left.
You didn't know any spells.
Your spell library was empty.

Dungeon Overview and Level Annotations

Branches:
Dungeon (1/1)

Altars:
Cheibriados
Dithmenos
Elyvilon
Fedhas
Gozag
Hepliaklqana
Kikubaaqudgha
Nemelex Xobeh
Okawaru
Qazlal
Ru
Sif Muna
Trog
Uskayaw
Vehumet
Wu Jian
Yredelemnul
Zin
The Shining One

Shops:
D !(**(=[


Innate Abilities, Weirdness & Mutations

You have very sharp teeth.
Your uncanny sense of smell can sniff out nearby items.
Your experience applies equally to all skills.
You sometimes lose your temper in combat.
You are clumsy. (Dex -2)
Your body sometimes deteriorates upon taking damage.
You are dopey. (Int -2)
You are extremely frail. (-30% HP)
You frequently scream uncontrollably at your foes.
You are weak. (Str -2)
Potions are less effective at restoring your health.
You are vulnerable to cold. (rC-)
You are vulnerable to heat. (rF-)
You have hidden genetic defects.


Message History

You are too injured to fight recklessly!
You hit the centaur warrior.
The centaur warrior is poisoned.
The centaur warrior is lightly wounded.
The centaur warrior misses you. The centaur warrior kicks you.
You hit the centaur warrior.
The centaur warrior looks as sick as possible!
The centaur warrior is lightly wounded.
The centaur warrior completely misses you.
The centaur warrior kicks you. The centaur warrior closely misses you.
The centaur warrior barely misses you.
A red film seems to cover your vision as you go berserk!
You feel yourself moving faster!
You feel mighty!
You puncture the centaur warrior!
The centaur warrior looks as sick as possible!
The centaur warrior is moderately wounded.
The centaur warrior hits you!
* * * LOW HITPOINT WARNING * * *
The centaur warrior kicks you.
* * * LOW HITPOINT WARNING * * *
The centaur warrior closely misses you. The centaur warrior kicks you.
* * * LOW HITPOINT WARNING * * *
You puncture the centaur warrior!
The centaur warrior is poisoned.
The centaur warrior is lightly wounded.
You barely miss the centaur warrior. You bite the centaur warrior!
The centaur warrior is moderately wounded.
The centaur warrior hits you!
* * * LOW HITPOINT WARNING * * *
Your body deteriorates!
You feel clumsy.
The centaur warrior kicks you but does no damage.
The centaur warrior barely misses you.
The centaur warrior kicks you but does no damage.
You puncture the centaur warrior!
The centaur warrior looks as sick as possible!
You punch the centaur warrior!
The centaur warrior is severely wounded.
You puncture the centaur warrior!
You kill the centaur warrior!
The centaur warrior hits you.
You die...
Your body crumbles into a pile of gold.

#############
#..)..#.)'..# $$ ∆ $$
').#..'..#..+ $$ $
#####'#####'# #### $
####..#...#[####§§# $
$
#__####..##.#§§§§§#$$
$ #_____##'#_.+~§§c§+
$
#_.∩..†'..._#§§§@§#$$
$$$
#_..__##_.#'##'####
#_____###'#(#)§§.###
$
#########.####'###.##
$
.......'...'.....'(∩#
$$
''''####...##########
$ $$ $$ .....####.###
∆


$$$$$$ ......#.#'#.# $ $$$$$$ #.....#.....# $∆ $$$$$$ You could see a centaur
warrior (extremely poisoned).

Vanquished Creatures
  A centaur warrior (D)
  Sonja (D)
  A deep troll (D)
  8 shining eyes (D)
  Sigmund (D)
  A yak (D)
  4 floating eyes (D)
  An ogre (D)
  A jelly (D)
  Ijyb (D)
  A ballistomycete spore (D)
21 creatures vanquished.

Vanquished Creatures (others)
  A ballistomycete spore (D)
1 creature vanquished.

Grand Total: 22 creatures vanquished

Notes
Turn   | Place    | Note
-------+----------+-------------------------------------------
     0 | D        | rocky1 the Gnoll Brigand began the quest for the Orb.
     0 | D        | Reached XP level 1. HP: 20/20 MP: 1/1
     2 | D        | Noticed Ijyb
    18 | D        | Killed Ijyb
    19 | D        | Reached skill level 1 in Long Blades
    19 | D        | Reached skill level 1 in Axes
    19 | D        | Reached skill level 1 in Maces & Flails
    19 | D        | Reached skill level 1 in Polearms
    19 | D        | Reached skill level 1 in Staves
    19 | D        | Reached skill level 1 in Ranged Weapons
    19 | D        | Reached skill level 1 in Armour
    19 | D        | Reached skill level 8 in Stealth
    19 | D        | Reached skill level 1 in Shields
    19 | D        | Reached skill level 1 in Unarmed Combat
    19 | D        | Reached skill level 1 in Spellcasting
    19 | D        | Reached skill level 1 in Conjurations
    19 | D        | Reached skill level 1 in Hexes
    19 | D        | Reached skill level 1 in Summonings
    19 | D        | Reached skill level 1 in Necromancy
    19 | D        | Reached skill level 1 in Translocations
    19 | D        | Reached skill level 1 in Transmutations
    19 | D        | Reached skill level 1 in Fire Magic
    19 | D        | Reached skill level 1 in Ice Magic
    19 | D        | Reached skill level 1 in Air Magic
    19 | D        | Reached skill level 1 in Earth Magic
    19 | D        | Reached skill level 1 in Poison Magic
    19 | D        | Reached skill level 1 in Evocations
    19 | D        | Reached skill level 1 in Shapeshifting
    19 | D        | Reached XP level 2. HP: 5/26 MP: 1/4
    19 | D        | Reached XP level 3. HP: 7/32 MP: 1/5
   322 | D        | Noticed an ogre
   327 | D        | Killed an ogre
   328 | D        | Reached skill level 5 in Fighting
   328 | D        | Reached skill level 5 in Short Blades
   328 | D        | Reached skill level 5 in Throwing
   328 | D        | Reached XP level 4. HP: 29/39 MP: 5/8
   408 | D        | Noticed Sigmund
   411 | D        | Killed Sigmund
   412 | D        | Reached skill level 5 in Dodging
   412 | D        | Reached skill level 9 in Stealth
   412 | D        | Reached XP level 5. HP: 47/47 MP: 8/11
   412 | D        | Reached XP level 6. HP: 53/53 MP: 8/12
   443 | D        | Found an ornate altar of the Wu Jian Council.
   443 | D        | Found a shimmering blue altar of Sif Muna.
   445 | D        | Found a radiant altar of Vehumet.
   450 | D        | Reached skill level 5 in Invocations
   482 | D        | Found Nalil's General Store.
   482 | D        | Found an ancient bone altar of Kikubaaqudgha.
   482 | D        | Found a hazy altar of Hepliaklqana.
   482 | D        | Found a stormy altar of Qazlal.
   482 | D        | Found a hide-covered altar of Uskayaw.
   482 | D        | Found a blossoming altar of Fedhas.
   482 | D        | Found a bloodstained altar of Trog.
   482 | D        | Found an iron altar of Okawaru.
   482 | D        | Found a basalt altar of Yredelemnul.
   482 | D        | Found a glowing golden altar of the Shining One.
   482 | D        | Found a snail-covered altar of Cheibriados.
   482 | D        | Found a sacrificial altar of Ru.
   482 | D        | Found a glowing silver altar of Zin.
   482 | D        | Found a shadowy altar of Dithmenos.
   482 | D        | Found a white marble altar of Elyvilon.
   482 | D        | Noticed a yak
   483 | D        | Found an opulent altar of Gozag.
   484 | D        | Killed a yak
   485 | D        | Reached skill level 5 in Long Blades
   485 | D        | Reached skill level 5 in Axes
   485 | D        | Reached skill level 5 in Maces & Flails
   485 | D        | Reached skill level 5 in Polearms
   485 | D        | Reached skill level 5 in Staves
   485 | D        | Reached skill level 5 in Ranged Weapons
   485 | D        | Reached skill level 5 in Armour
   485 | D        | Reached skill level 5 in Shields
   485 | D        | Reached skill level 5 in Unarmed Combat
   485 | D        | Reached skill level 5 in Spellcasting
   485 | D        | Reached skill level 5 in Evocations
   485 | D        | Reached XP level 7. HP: 60/60 MP: 12/14
   485 | D        | Found a sparkling altar of Nemelex Xobeh.
   490 | D        | Became a worshipper of Gozag Ym Sagoz the Greedy
   494 | D        | Bought a scroll of poison for 44 gold pieces
   506 | D        | Noticed Sonja
   515 | D        | Killed Sonja
   516 | D        | Reached skill level 10 in Stealth
   516 | D        | Reached skill level 5 in Conjurations
   516 | D        | Reached skill level 5 in Hexes
   516 | D        | Reached skill level 5 in Summonings
   516 | D        | Reached skill level 5 in Necromancy
   516 | D        | Reached skill level 5 in Translocations
   516 | D        | Reached skill level 5 in Transmutations
   516 | D        | Reached skill level 5 in Fire Magic
   516 | D        | Reached skill level 5 in Ice Magic
   516 | D        | Reached skill level 5 in Air Magic
   516 | D        | Reached skill level 5 in Earth Magic
   516 | D        | Reached skill level 5 in Poison Magic
   516 | D        | Reached skill level 5 in Shapeshifting
   516 | D        | Reached XP level 8. HP: 68/68 MP: 14/17
   742 | D        | Found Goehutza's Distillery.
   753 | D        | Noticed a shining eye
   753 | D        | Noticed a shining eye
   753 | D        | Noticed a shining eye
   753 | D        | Noticed a shining eye
   753 | D        | Noticed a shining eye
   753 | D        | Noticed a shining eye
   753 | D        | Gained mutation: Your muscles are strong. (Str +4, Int/Dex
                  | -1) [a shining eye]
   755 | D        | Gained mutation: You are vulnerable to heat. (rF-) [a
                  | shining eye]
   756 | D        | Gained mutation: You are frail. (-10% HP) [a shining eye]
   758 | D        | Paralysed by a floating eye for 2 turns
   767 | D        | Noticed a shining eye
   767 | D        | Noticed a shining eye
   767 | D        | Gained mutation: You have hidden genetic defects. [a
                  | shining eye]
   772 | D        | Paralysed by a floating eye for 3 turns
   772 | D        | Gained mutation: You have terrible hidden genetic defects.
                  | [a shining eye]
   773 | D        | Gained mutation: You occasionally shout uncontrollably at
                  | your foes. [a shining eye]
   777 | D        | Gained mutation: You are dopey. (Int -2) [a shining eye]
   783 | D        | Gained mutation: You are vulnerable to cold. (rC-) [a
                  | shining eye]
   784 | D        | Gained mutation: You are very vulnerable to heat. (rF--) [a
                  | shining eye]
   791 | D        | Gained mutation: Potions are less effective at restoring
                  | your health. [a shining eye]
   793 | D        | Killed a shining eye
   793 | D        | Gained mutation: Potions cannot restore your health. [a
                  | shining eye]
   794 | D        | Reached XP level 9. HP: 67/67 MP: 18/20
   794 | D        | Gained mutation: You are very frail. (-20% HP) [a shining
                  | eye]
   796 | D        | Gained mutation: You sometimes lose your temper in combat.
                  | [a shining eye]
   797 | D        | Killed a shining eye
   801 | D        | Gained mutation: Your body sometimes deteriorates upon
                  | taking damage. [a shining eye]
   801 | D        | Gained mutation: You are clumsy. (Dex -2) [a shining eye]
   802 | D        | Lost mutation: Your muscles are strong. (Str +4, Int/Dex
                  | -1) [hidden defects]
   804 | D        | Gained mutation: You frequently scream uncontrollably at
                  | your foes. [a shining eye]
   806 | D        | Killed a shining eye
   807 | D        | Reached skill level 11 in Stealth
   809 | D        | Gained mutation: Armour fits poorly on your strangely
                  | shaped body. [a shining eye]
   811 | D        | Killed a shining eye
   812 | D        | Gained mutation: You are weak. (Str -2) [a shining eye]
   817 | D        | Killed a shining eye
   818 | D        | Reached XP level 10. HP: 67/67 MP: 19/22
   822 | D        | Killed a shining eye
   830 | D        | Killed a shining eye
   831 | D        | Reached skill level 10 in Fighting
   831 | D        | Reached skill level 10 in Short Blades
   831 | D        | Reached skill level 10 in Throwing
   837 | D        | Killed a shining eye
   842 | D        | Gained mutation: You are extremely frail. (-30% HP) [hidden
                  | defects]
   842 | D        | Lost mutation: You have terrible hidden genetic defects.
                  | [hidden defects expressed]
   866 | D        | Bought a potion of mutation for 104 gold pieces
   866 | D        | Lost mutation: Potions cannot restore your health. [potion
                  | of mutation]
   866 | D        | Lost mutation: You are very vulnerable to heat. (rF--)
                  | [potion of mutation]
   866 | D        | Lost mutation: Armour fits poorly on your strangely shaped
                  | body. [potion of mutation]
   879 | D        | Found Loczen's Weapon Shoppe.
   879 | D        | Found Toosmuet's Weapon Shop.
   879 | D        | Found Funigywk's General Store.
   879 | D        | Found Viko's Jewellery Boutique.
   887 | D        | Bought a lightning rod (4/4) for 420 gold pieces
   887 | D        | Bought 3 atropa-tipped darts for 37 gold pieces
   887 | D        | Bought 5 curare-tipped darts for 84 gold pieces
   918 | D        | Noticed a deep troll
   933 | D        | Killed a deep troll
   934 | D        | Reached skill level 12 in Stealth
   934 | D        | Reached skill level 10 in Invocations
  1176 | D        | Found Dehupsop's Armour Emporium.
  1204 | D        | Noticed a centaur warrior
  1205 | D        | Noticed a centaur warrior
  1212 | D        | HP: 4/90 [centaur warrior (13)]
  1214 | D        | Killed a centaur warrior
  1214 | D        | Slain by a centaur warrior

Illustrated notes

Levels and vault maps discovered:
D:        dungeon_sprint_1 [red_sonja_temple_1, red_sonja_temple_small_1]

Skill      XL: |  1  2  3  4  5  6  7  8  9 10 |
---------------+-------------------------------+-----
Long Blades    | 1 3 4 5 6 7 8 9 |  9.3
Axes           | 1 3 4 5 6 7 8 9 |  9.3
Maces & Flails | 1 3 4 5 6 7 8 9 |  9.3
Polearms       | 1 3 4 5 6 7 8 9 |  9.3
Staves         | 1 3 4 5 6 7 8 9 |  9.3
Ranged Weapons | 1 3 4 5 6 7 8 9 |  9.3
Armour         | 1 3 4 5 6 7 8 9 |  9.3
Dodging        | 3 4 5 6 7 8 9 |  9.7
Stealth        | 8 9 10 11 12 | 12.0
Shields        | 1 3 4 5 6 7 8 9 |  9.3
Unarmed Combat | 1 3 4 5 6 7 8 9 |  9.3
Spellcasting   | 1 3 4 5 6 7 8 9 |  9.3
Conjurations   | 1 2 3 4 5 6 7 |  7.7
Hexes          | 1 2 3 4 5 6 7 |  7.7
Summonings     | 1 2 3 4 5 6 7 |  7.7
Necromancy     | 1 2 3 4 5 6 7 |  7.7
Translocations | 1 2 3 4 5 6 7 |  7.7
Transmutations | 1 2 3 4 5 6 7 |  7.7
Fire Magic     | 1 2 3 4 5 6 7 |  7.7
Ice Magic      | 1 2 3 4 5 6 7 |  7.7
Air Magic      | 1 2 3 4 5 6 7 |  7.7
Earth Magic    | 1 2 3 4 5 6 7 |  7.7
Poison Magic   | 1 2 3 4 5 6 7 |  7.7
Invocations    | 2 3 4 5 7 8 9 10 | 10.1
Evocations     | 1 3 4 5 6 7 8 9 |  9.3
Shapeshifting  | 1 2 3 4 5 6 7 |  7.7
Fighting       | 5 6 7 8 9 10 | 10.4
Short Blades   | 5 6 7 8 9 10 | 10.4
Throwing       | 5 6 7 8 9 10 | 10.4

Action                     |  1- 3 |  4- 6 |  7- 9 | 10-12 || total
---------------------------+-------+-------+-------+-------++-------
  Melee: Dagger            |    16 |     3 |       |       ||    19
         Bite              |     6 |       |     9 |     6 ||    21
         Short sword       |       |       |    56 |    41 ||    97
         Punch             |       |       |     1 |     4 ||     5
  Throw: Dart              |     3 |       |     3 |       ||     6
  Evoke: Wand              |       |       |     1 |       ||     1
    Use: Potion            |     1 |       |     1 |     1 ||     3
   Stab: Sleeping          |       |     3 |     2 |       ||     5
 Armour: Robe              |       |       |       |     5 ||     5
  Dodge: Dodged            |     3 |       |     1 |    16 ||    20

Table legend: (Time is in decaauts)
 A = Elapsed time spent in this place.
 B = Non-inter-level travel time spent in this place.
 C = Inter-level travel time spent in this place.
 D = Time resting spent in this place.
 E = Time spent auto-exploring this place.
 F = Levels seen in this place.
 G = Mean time per level.
                   A        B        C        D        E       F      G
               +--------+--------+--------+--------+--------+-----+--------+
         Total |   1177 |   1159 |     18 |    787 |      0 |   1 | 1177.0 |
       Dungeon |   1177 |   1159 |     18 |    787 |      0 |   1 | 1177.0 |
               +--------+--------+--------+--------+--------+-----+--------+

Top non-repeatable levels by time:
       D: 1177 daAuts
